 Dungeon Crawl Stone Soup version 0.30-a0-414-gcb316572d5 (webtiles) character file.

Game seed: 7788898577341630923

1678 zishaf the Jinx (level 8, 0/61 HPs)
             Began as a Vampire Enchanter on Dec 7, 2022.
             Killed from afar by Blork the orc (7 damage)
             ... with a magic dart
             ... on level 6 of the Dungeon.
             The game lasted 00:07:53 (5737 turns).

zishaf the Jinx (Vampire Enchanter)                 Turns: 5737, Time: 00:07:54

Health: 0/61       AC:  2    Str:  7    XL:     8   Next: 70%
Magic:  9/11       EV: 12    Int: 19    God:
Gold:   325        SH:  0    Dex: 15    Spells: 6/11 levels left

rFire   . . .      SeeInvis +    d - +1 dagger (venom)
rCold   . . .      Faith    .    (no shield)
rNeg    . . .      Spirit   .    b - +0 robe
rPois   .          Reflect  .    g - +0 hat
rElec   .          Harm     .    (no cloak)
rCorr   .          Rampage  .    (no gloves)
Will    .....                    (no boots)
Stlth   ++++......               (no amulet)
HPRegen 0.50/turn                h - ring of wizardry
MPRegen 0.12/turn                (no ring)

@: healing quickly
A: alive, fangs 3, see invisible, vampiric 2
a: Exsanguinate


You were on level 6 of the Dungeon.
You visited 2 branches of the dungeon, and saw 7 of its levels.

You collected 325 gold pieces.

Inventory:

Hand Weapons
 a - a +1 dagger
 d - a +1 dagger of venom (weapon)
Armour
 b - a +0 robe (worn)
 g - a +0 hat (worn)
 v - a +2 ring mail of fire resistance
 x - the +3 Mad Mage's Maulers {Infuse+∞ RegenMP Int-3}
   (You found it on level 5 of the Dungeon)

   It empowers its wearer's blows with all of their magic.
   It causes its wearer's magical reserves to regenerate more quickly.
   Int:       It affects your intelligence (-3).
Jewellery
 h - a ring of wizardry (left hand)
 m - a ring of ice
Wands
 p - a wand of digging (2)
 q - a wand of paralysis (9)
 y - a wand of polymorph (8)
 z - a wand of flame (1)
 C - a wand of mindburst (6)
Scrolls
 e - 4 scrolls of identify {unknown}
 i - a scroll of vulnerability {unknown}
 j - a scroll of enchant armour {unknown}
 k - 5 scrolls of teleportation {unknown}
 l - 2 scrolls of fear {unknown}
 n - 2 scrolls of magic mapping {unknown}
 o - 3 scrolls of amnesia {unknown}
 r - 3 scrolls of blinking {unknown}
 t - a scroll of silence {unknown}
Potions
 c - 2 potions of invisibility
 f - a potion of berserk rage {unknown}
 s - 2 potions of mutation {unknown}
 u - a potion of brilliance {unknown}
 w - 2 potions of degeneration {unknown}
 A - a potion of curing
 B - a potion of heal wounds {unknown}


   Skills:
 + Level 4.4 Fighting
 + Level 5.8 Short Blades
 - Level 2.1 Dodging
 - Level 8.0 Stealth
 - Level 2.0 Spellcasting
 + Level 8.7 Hexes
 + Level 4.6 Ice Magic


You had 6 spell levels left.
You knew the following spells:

 Your Spells              Type           Power      Damage    Failure   Level
a - Ensorcelled Hibernat  Hex/Ice        54%        N/A       1%          2
A - Confusing Touch       Hex            34%        N/A       1%          3

Your spell library contained the following spells:

 Spells                   Type           Power      Damage    Failure   Level
 Tukima's Dance           Hex            34%        N/A       1%          3
 Dazzling Flash           Conj/Hex       36%        N/A       3%          3
 Iskenderun's Mystic Bla  Conj/Tloc      1%         2d3       52%         4
 Starburst                Conj/Fire      0%         6d3       100%        6


Dungeon Overview and Level Annotations

Branches:
Dungeon (6/15)             Temple (1/1) D:5

Altars:
Ashenzari
Cheibriados
Dithmenos
Fedhas
Gozag
Hepliaklqana
Makhleb
Okawaru
Qazlal
Sif Muna
Trog
Uskayaw
Vehumet
Xom
Yredelemnul

Annotations:
D:6 Blork the orc


Innate Abilities, Weirdness & Mutations

Your natural rate of healing is accelerated.
You have razor-sharp teeth.
You have supernaturally acute eyesight. (SInv)
You are afflicted with vampirism and can become a bat while bloodless.


Message History

Blork the orc looks as sick as possible!
Blork the orc is moderately wounded.
Blork the orc hits you with a +0 flail.
You barely miss Blork the orc.
Blork the orc is moderately wounded.
You hit Blork the orc.
Blork the orc looks as sick as possible!
Blork the orc is heavily wounded.
Blork the orc hits you with a +0 flail.
You barely miss Blork the orc.
Blork the orc is heavily wounded.
Blork the orc zaps a wand.
The puff of flame hits you!
You are too injured to fight recklessly!
You are too injured to fight recklessly!
You are too injured to fight recklessly!
You hit Blork the orc.
Blork the orc is heavily wounded.
You hit Blork the orc but do no damage.
Blork the orc is heavily wounded.
Blork the orc points at you and mumbles some strange words.
The magic dart hits you.
You closely miss Blork the orc.
Blork the orc is severely wounded.
Blork the orc hits you with a +0 flail.
* * * LOW HITPOINT WARNING * * *
You hit Blork the orc.
Blork the orc looks as sick as possible!
Blork the orc is severely wounded.
Blork the orc points at you and mumbles some strange words.
The puff of frost hits you!
* * * LOW HITPOINT WARNING * * *
Casting: Ensorcelled Hibernation (safe; 1% risk of failure)
Confirm with . or Enter, or press ? or * to list all spells.
Aiming: Ensorcelled Hibernation (safe; 1% risk of failure)
Press: ? - help, Shift-Dir - straight line, f - Blork the orc
Aim: Blork the orc, wielding a +0 flail, wearing a +0 robe and carrying a wand of flame (22) (severely wounded, extremely poisoned, chance to affect: 58%) Blork the orc resists with significant effort.
Blork the orc casts a spell at you. The magic dart hits you!
You die...

#.#...#.....####..# ###
#####...##.......###...
#....................
#............[.......
#...#................
#....#...............
##...##..............
#...##..............
#..@.##.............
##.o.#..............
#.........#........
#.......#####..####
##....### #..# #..###
#..# ##.## ##..# #..#
#..## ##.### #..#


You could see Blork the orc (extremely poisoned).

Vanquished Creatures
  Pikel (D:5)
  A water moccasin (D:5)
  A sky beast (D:6)
  A black bear (D:6)
  A lemure (D:5)
  4 phantoms
  4 scorpions
  A howler monkey (D:4)
  A crimson imp (D:5)
  3 orc priests
  An iguana (D:4)
  An orc wizard (D:3)
  6 adders
  A shadow imp (D:5)
  A white imp (D:5)
  A worm (D:2)
  2 dart slugs
  14 orcs
  3 bats
  3 endoplasms
  2 giant cockroaches
  16 goblins
  15 hobgoblins
  9 jackals
  6 quokkas
  5 ball pythons
  2 frilled lizards
  4 kobolds
  4 rats
114 creatures vanquished.

Vanquished Creatures (others)
  3 plants (D:4)
3 creatures vanquished.

Grand Total: 117 creatures vanquished

Notes
Turn   | Place    | Note
-------+----------+-------------------------------------------
     0 | D:1      | zishaf the Vampire Enchanter began the quest for the Orb.
     0 | D:1      | Reached XP level 1. HP: 13/13 MP: 3/3
   209 | D:1      | Reached XP level 2. HP: 20/20 MP: 5/5
   222 | D:1      | Learned a level 2 spell: Ensorcelled Hibernation
   375 | D:1      | Reached skill level 1 in Fighting
   486 | D:1      | Gained mutation: You are afflicted with vampirism and can
                  | become a bat while bloodless. [Vampire growth]
   486 | D:1      | Reached XP level 3. HP: 26/26 MP: 6/6
   490 | D:1      | Learned a level 3 spell: Confusing Touch
   910 | D:2      | Reached skill level 5 in Hexes
   939 | D:2      | Reached skill level 5 in Stealth
  1501 | D:2      | Found a faded altar of an unknown god.
  1772 | D:3      | Identified the +7 chain mail of Zaxucoirr {*Corrode rF+
                  | Int-5 Dex+5}
  1909 | D:3      | Found a bloodstained altar of Trog.
  2221 | D:3      | Reached XP level 4. HP: 16/32 MP: 7/7
  2450 | D:3      | Noticed a gnoll sergeant
  2516 | D:3      | Reached skill level 1 in Ice Magic
  2596 | D:3      | Reached XP level 5. HP: 32/38 MP: 1/8
  3138 | D:3      | Reached XP level 6. HP: 44/44 MP: 6/9
  3444 | D:4      | Found an iron altar of Okawaru.
  3448 | D:4      | Found a shimmering altar of Xom.
  3887 | D:4      | Reached XP level 7. HP: 51/51 MP: 10/10
  4232 | D:5      | Entered Level 5 of the Dungeon
  4253 | D:5      | Found a staircase to the Ecumenical Temple.
  4265 | Temple   | Entered the Ecumenical Temple
  4507 | D:5      | Found the +3 Mad Mage's Maulers {Infuse+∞ RegenMP Int-3}
  4739 | D:5      | Noticed Pikel
  4770 | D:5      | HP: 1/52 [Pikel/+2 whip of electrocution (10)]
  4774 | D:5      | Killed Pikel
  4775 | D:5      | Reached skill level 5 in Short Blades
  4775 | D:5      | Reached XP level 8. HP: 4/60 MP: 4/11
  5075 | D:5      | You fall into a shaft and drop 1 floor!
  5239 | D:5      | Found a radiant altar of Vehumet.
  5239 | D:5      | Found a burning altar of Makhleb.
  5266 | D:5      | Found a hazy altar of Hepliaklqana.
  5691 | D:6      | Identified the +0 chain mail of Firphitael {*Slow rElec rC+
                  | Int+3}
  5720 | D:6      | Noticed Blork the orc
  5737 | D:6      | Killed from afar by Blork the orc

Illustrated notes

Levels and vault maps discovered:
D:1:      amcnicky_arrival_blooded_trapdoor, layout_loops_ring
D:2:      layout_loops_corners, ebering_ecumenical_altar_mist,
          corexii_hall_statues_x
D:3:      layout_basic, mainiacjoe_overflow_small_starburst,
          serial_co_window_serial, co_window_paths_b, co_window_corner_a,
          co_window_corner_a, co_window_of_opportunity_a,
          co_window_of_opportunity_a, co_window_broadway_c,
          co_window_broadway_a, co_window_broadway_a, glass_columns_a,
          glass_columns_a, glass_columns_c, glass_columns_b, glass_columns_a,
          lightli_corner_chamber
D:4:      cheibrodos_greedy_goblins, layout_basic,
          grunt_temple_overflow_diamond, wad_floor_pattern_2,
          minmay_misc_feat_room, serial_bayou_ford_a,
          minmay_fractal_squares_diagonal_5
D:5:      layout_loops_ring, grunt_temple_overflow_lords_of_destruction,
          lemuel_round_altar, temple_doors_e, uniq_pikel
D:6:      layout_layer_cave, hangedman_decor_diamond_cutter, uniq_blork_the_orc,
          uniq_grinder, uniq_duvessa
Temple:   compressed_dpeg_circular_temple

Skill      XL: |  1  2  3  4  5  6  7  8 |
---------------+-------------------------+-----
Fighting       | 1 2 3 4 |  4.4
Hexes          | 5 6 8 |  8.7
Short Blades   | 2 3 5 |  5.8
Stealth        | 5 6 8 |  8.0
Ice Magic      | 1 2 4 |  4.6
Dodging        | |  2.1
Spellcasting   | |  2.0

Action                   |  1- 3 |  4- 6 |  7- 9 || total
-------------------------+-------+-------+-------++-------
Melee: Dagger            |   137 |   120 |   107 ||   364
       Bite              |    10 |     4 |    14 ||    28
       Punch             |       |     1 |     2 ||     3
 Cast: Ensorcelled Hiber |     2 |    13 |    11 ||    26
       Confusing Touch   |       |     1 |     4 ||     5
 Stab: Sleeping          |    11 |    10 |     8 ||    29
       Confused          |       |     2 |     4 ||     6
       Distracted        |       |       |     1 ||     1
Armor: Robe              |    19 |    10 |     6 ||    35
Dodge: Dodged            |    78 |    73 |    43 ||   194

Table legend: (Time is in decaauts)
 A = Elapsed time spent in this place.
 B = Non-inter-level travel time spent in this place.
 C = Inter-level travel time spent in this place.
 D = Time resting spent in this place.
 E = Time spent auto-exploring this place.
 F = Levels seen in this place.
 G = Mean time per level.
                   A        B        C        D        E       F      G
               +--------+--------+--------+--------+--------+-----+--------+
         Total |   5691 |   5512 |    179 |    204 |   4335 |   7 |  813.0 |
       Dungeon |   5587 |   5418 |    169 |    204 |   4250 |   6 |  931.2 |
        Temple |    103 |     93 |     10 |      0 |     85 |   1 |  103.0 |
               +--------+--------+--------+--------+--------+-----+--------+

Top non-repeatable levels by time:
     D:3: 1307 daAuts
     D:5: 1189 daAuts
     D:4: 1150 daAuts
     D:2: 934 daAuts
     D:1: 814 daAuts
     D:6: 190 daAuts
  Temple: 103 daAuts
